 Dungeon Crawl Stone Soup version 0.30-a0-122-g2a1322497e (webtiles) character file.

Game seed: 15406954988362223483

18785 MisterAzrael the Fighter (level 12, -6/92 HPs)
             Began as a Djinni Fire Elementalist on Sept 15, 2022.
             Was an Elder of Makhleb.
             Mangled by a seven-headed hydra (7 damage)
             ... on level 2 of the Lair of Beasts.
             The game lasted 00:22:47 (15807 turns).

MisterAzrael the Fighter (DjFE)                    Turns: 15807, Time: 00:22:48

Health: -6/92      AC:  6    Str:  7    XL:     12   Next: 99%
Gold:   575        EV: 19    Int: 35    God:    Makhleb [****..] SH:  0 Dex: 14

rFire   + + .      SeeInvis +    m - +2 rapier (protect)
rCold   x . .      Faith    .    (no shield)
rNeg    . . .      Spirit   .    a - +0 robe
rPois   ∞          Reflect  .    F - +1 helmet {SInv}
rElec   +          Harm     .    d - +1 cloak
rCorr   +          Rampage  .    (no gloves)
Will    +....                    (boots unavailable)
Stlth   ++........               u - amulet of the acrobat
HPRegen 0.25/turn                r - +6 ring of intelligence
MPRegen 0.00/turn                s - ring "Wotuogov" {rElec rCorr EV+4 Int+7}

@: flying, hasted, very quick
A: sickness immunity, fire resistance 2, cold vulnerability 1, float, innate
caster, HP casting, extra vitality 1
a: Renounce Religion, Minor Destruction, Lesser Servant of Makhleb, Major
Destruction


You were on level 2 of the Lair of Beasts.
You worshipped Makhleb.
Makhleb was greatly pleased with you.
You visited 2 branches of the dungeon, and saw 12 of its levels.

You collected 789 gold pieces.
You spent 214 gold pieces at shops.

Inventory:

Hand Weapons
 m - a +2 rapier of protection (weapon)
Armour
 a - a +0 robe (worn)
 d - a +1 cloak (worn)
 f - a +0 helmet
 t - a +0 helmet
 F - a +1 helmet of see invisible (worn)
Jewellery
 r - a +6 ring of intelligence (left hand)
 s - the ring "Wotuogov" (right hand) {rElec rCorr EV+4 Int+7}
   (You found it on level 4 of the Dungeon)

   [ring of evasion]

   EV:        It affects your evasion (+4).
   Int:       It affects your intelligence (+7).
   rElec:     It insulates you from electricity.
   rCorr:     It protects you from acid and corrosion.
 u - an amulet of the acrobat (around neck)
 y - a ring of protection from cold
 B - a ring of positive energy
 J - a ring of willpower
 N - a ring of wizardry
 O - a ring of ice
Wands
 l - a wand of mindburst (13)
 w - a wand of iceblast (14)
 x - a wand of polymorph (9)
 H - a wand of flame (29)
 L - a wand of charming (3)
 P - a wand of digging (6)
Scrolls
 e - 2 scrolls of butterflies {unknown}
 g - 6 scrolls of enchant armour {unknown}
 n - 2 scrolls of enchant weapon {unknown}
 o - 2 scrolls of noise {unknown}
 p - a scroll of magic mapping {unknown}
 q - 2 scrolls of teleportation {unknown}
 v - 8 scrolls of identify {unknown}
 A - a scroll of vulnerability {unknown}
 C - 3 scrolls of blinking {unknown}
 D - 2 scrolls of silence {unknown}
 I - a scroll of fear {unknown}
 K - a scroll of poison {unknown}
 M - a scroll of amnesia {unknown}
Potions
 b - 2 potions of might {unknown}
 c - 2 potions of lignification
 h - 2 potions of curing
 i - 2 potions of berserk rage
 j - 2 potions of cancellation
 z - a potion of flight {unknown}
 E - 2 potions of resistance {unknown}
 G - a potion of attraction {unknown}
 Q - a potion of ambrosia {unknown}


   Skills:
 + Level 10.5 Fighting
 - Level 3.8 Short Blades
 + Level 7.5 Dodging
 - Level 1.8 Stealth
 * Level 9.7 Spellcasting
 - Level 10.3 Invocations


You had 2 spell levels left.
You knew the following spells:

 Your Spells              Type           Power      Damage    Failure   Level
a - Foxfire               Conj/Fire      100%       2x1d9     1%          1
b - Scorch                Fire           100%       2d10      1%          2
c - Kindle Blastsparks    Fire/Tloc/Air  100%       2d18      1%          3
d - Inner Flame           Hex/Fire       71%        N/A       1%          3
e - Flame Wave            Conj/Fire      71%        2d16      1%          4
f - Freeze                Ice            100%       1d11      1%          1
g - Call Imp              Summ           71%        N/A       1%          2
h - Frozen Ramparts       Ice            100%       1d16      1%          3
i - Olgreb's Toxic Radia  Pois           71%        N/A       1%          4
j - Arcjolt               Conj/Air       35%        1d45      1%          5
Your spell library was empty.

Dungeon Overview and Level Annotations

Branches:
Dungeon (10/15)            Temple (0/1) D:7            Lair (2/5) D:10
  Snake (0/4) Lair:2
  Swamp: Lair:2-3    Shoals: Lair:2-3       Orc: D:9-12

Altars:
Ashenzari
Cheibriados
Elyvilon
Fedhas
Hepliaklqana
Makhleb
Qazlal
Trog
Uskayaw
Wu Jian
Xom
Yredelemnul

Shops:
D:3 ?   D:4 [


Innate Abilities, Weirdness & Mutations

You are immune to sickness and miasma.
You are immune to poison.
Your flesh is very heat resistant. (rF++)
You are vulnerable to cold. (rC-)
You float through the air rather than walking.
You learn spells naturally, not from books.
Your magical power is your life essence.
You have superior vitality. (+4 MHP)


Message History

The water moccasin hisses angrily.
The water moccasin bites you but does no damage.
A seven-headed hydra comes into view.
The seven-headed hydra roars!
You hit the water moccasin.
Your weapon exudes an aura of protection.
The water moccasin is lightly wounded.
The water moccasin bites you. The water moccasin closely misses you.
Electricity surges outward!
You kill the water moccasin!
Makhleb accepts your kill.
You feel better.
Electricity surges outward!
The seven-headed hydra closely misses you.
The seven-headed hydra bites you!
The seven-headed hydra completely misses you.
The seven-headed hydra bites you!
The seven-headed hydra completely misses you. x2
The seven-headed hydra misses you.
Electricity surges outward!
The seven-headed hydra is lightly wounded.
The seven-headed hydra closely misses you.
The seven-headed hydra bites you. The seven-headed hydra bites you! x2
The seven-headed hydra completely misses you.
The seven-headed hydra closely misses you.
The seven-headed hydra bites you!
* * * LOW HITPOINT WARNING * * *
Casting: Arcjolt (dangerous; 1% risk of failure)
Confirm with . or Enter, or press ? or * to list all spells.
Aiming: Inner Flame (safe; 1% risk of failure)
Press: ? - help, Dir - move target, f - seven-headed hydra
Aim: a seven-headed hydra (lightly wounded, chance to affect: 81%)
Okay, then.
Okay, then.
You feel yourself speed up. The seven-headed hydra bites you.
* * * LOW HITPOINT WARNING * * *
The seven-headed hydra bites you!
* * * LOW HITPOINT WARNING * * *
The seven-headed hydra bites you!
You die...

.....#...#####.# ...
.....#..P####.####
....
.#...#...#.###...#
...# #...#.......#....
....###...............
##..##...............
#.#......##.[.......#
#.#.#...###........#
#.@...## #.#......#
#.D......####......#
#....#..## #..P.###
#.###....# ..#..# ..#
#....# ... ...... ...
..##... .. ... #...


You could see a seven-headed hydra.

Vanquished Creatures
  A centaur warrior (D:10)
  An ogre mage (D:10)
  A two-headed ogre (D:9)
  6 death yaks (Lair:1)
  An orc knight (D:10)
  2 deep elf pyromancers
  An ugly thing (D:10)
  2 black mambas
  3 cane toads (Lair:1)
  A komodo dragon (Lair:1)
  Grinder (D:3)
  Sigmund (D:6)
  24 yaks
  4 wyverns (D:10)
  3 basilisks
  A steam dragon (D:8)
  2 acid dragons
  9 water moccasins
  3 black bears
  An orc warrior (D:9)
  2 sky beasts
  An ice beast (D:7)
  3 wolves (D:10)
  2 ogres
  4 centaurs
  2 kobold brigands
  5 bullfrogs
  5 scorpions
  8 wights
  7 killer bees (D:10)
  A howler monkey (D:5)
  4 hounds
  A jelly (D:7)
  10 orc priests
  2 gnoll boudas (D:6)
  Jessica (D:3)
  Ijyb (D:5)
  Terence (D:3)
  3 iguanas
  8 orc wizards
  Natasha (thrice) (D:4)
  11 gnolls
  7 adders
  2 shadow imps
  A white imp (D:6)
  2 ufetubi
  A worm (D:3)
  A dart slug (D:1)
  46 orcs
  7 ball pythons
  6 bats
  An endoplasm (D:2)
  A giant cockroach (D:1)
  8 goblins
  3 hobgoblins
  4 quokkas
  4 frilled lizards (D:1)
  17 kobolds
  9 rats
  A bush (D:10)
274 creatures vanquished.

Vanquished Creatures (collateral kills)
  A yak (D:9)
  A gnoll (D:6)
  3 foxfires
5 creatures vanquished.

Vanquished Creatures (others)
  398 foxfires
  3 fungi
  31 plants
432 creatures vanquished.

Grand Total: 711 creatures vanquished

Notes
Turn   | Place    | Note
-------+----------+-------------------------------------------
     0 | D:1      | MisterAzrael the Djinni Fire Elementalist began the quest
                  | for the Orb.
     0 | D:1      | MisterAzrael set off with the following spells memorised:
                  | Foxfire, Scorch, Kindle Blastsparks, Inner Flame, Flame
                  | Wave.
     0 | D:1      | Reached XP level 1. HP: 15/15 MP: 0/0
   172 | D:1      | Found a faded altar of an unknown god.
   201 | D:1      | Prayed at the altar of an unknown god.
   201 | D:1      | Became a worshipper of Makhleb the Destroyer
   201 | D:1      | Reached * piety under Makhleb
   403 | D:1      | Reached XP level 2. HP: 19/21 MP: 0/0
   995 | D:1      | Reached XP level 3. HP: 23/26 MP: 0/0
   995 | D:1      | Learned a level 1 spell: Freeze
  2106 | D:2      | Reached skill level 1 in Fighting
  2173 | D:2      | Reached skill level 1 in Invocations
  2850 | D:3      | Noticed Jessica
  2864 | D:3      | Killed Jessica
  2865 | D:3      | Reached XP level 4. HP: 27/32 MP: 0/0
  3041 | D:3      | Noticed Terence
  3056 | D:3      | Killed Terence
  3305 | D:3      | Reached XP level 5. HP: 33/38 MP: 0/0
  3305 | D:3      | Learned a level 2 spell: Call Imp
  3474 | D:3      | Reached ** piety under Makhleb
  3773 | D:3      | Found a basalt altar of Yredelemnul.
  3779 | D:3      | Found a blossoming altar of Fedhas.
  3788 | D:3      | Found a hide-covered altar of Uskayaw.
  3938 | D:3      | Found Nedix's Magic Scroll Boutique.
  4055 | D:3      | Noticed Grinder
  4064 | D:3      | Paralysed by Grinder for 5 turns
  4071 | D:3      | Killed Grinder
  4072 | D:3      | Reached XP level 6. HP: 34/45 MP: 0/0
  4072 | D:3      | Reached XP level 7. HP: 37/49 MP: 0/0
  4072 | D:3      | Learned a level 3 spell: Frozen Ramparts
  4490 | D:4      | Noticed Natasha
  4499 | D:4      | Killed Natasha
  4500 | D:4      | Reached skill level 1 in Short Blades
  4517 | D:4      | Found Hilin's Armour Shop.
  4565 | D:4      | Noticed Natasha
  4573 | D:4      | Killed Natasha
  5020 | D:4      | Noticed Natasha
  5029 | D:4      | Killed Natasha
  5119 | D:4      | Identified the ring "Wotuogov" {rElec rCorr EV+4 Int+7}
  5182 | D:4      | Found a white marble altar of Elyvilon.
  5316 | D:5      | Entered Level 5 of the Dungeon
  5341 | D:5      | Reached XP level 8. HP: 43/57 MP: 0/0
  5432 | D:5      | Reached skill level 5 in Spellcasting
  6118 | D:5      | Noticed Ijyb
  6125 | D:5      | Killed Ijyb
  6466 | D:5      | Reached *** piety under Makhleb
  7070 | D:6      | Found a shimmering altar of Xom.
  7261 | D:6      | Noticed Sigmund
  7266 | D:6      | Killed Sigmund
  7267 | D:6      | Reached XP level 9. HP: 56/63 MP: 0/0
  7267 | D:6      | Learned a level 4 spell: Olgreb's Toxic Radiance
  7681 | D:6      | Reached skill level 5 in Invocations
  7711 | D:6      | Reached skill level 5 in Fighting
  8001 | D:6      | Found a snail-covered altar of Cheibriados.
  8422 | D:7      | Reached **** piety under Makhleb
  8950 | D:7      | Found a staircase to the Ecumenical Temple.
  9005 | D:7      | Noticed a deep elf pyromancer
  9008 | D:7      | Killed a deep elf pyromancer
  9009 | D:7      | Reached XP level 10. HP: 72/72 MP: 0/0
  9330 | D:4      | Bought a +1 helmet of see invisible for 214 gold pieces
  9902 | D:8      | Found a broken altar of Ashenzari.
 11340 | D:8      | Found an ornate altar of the Wu Jian Council.
 11546 | D:9      | Found a stormy altar of Qazlal.
 11590 | D:9      | Noticed a two-headed ogre
 11664 | D:9      | Killed a two-headed ogre
 11664 | D:9      | HP: 2/75 [spore (13)]
 11669 | D:9      | Reached skill level 10 in Invocations
 11669 | D:9      | Reached XP level 11. HP: 31/81 MP: 0/0
 11669 | D:9      | Learned a level 5 spell: Arcjolt
 12287 | D:9      | Found a hazy altar of Hepliaklqana.
 12591 | D:10     | Entered Level 10 of the Dungeon
 12629 | D:10     | HP: 4/82 [wolf (7)]
 12984 | D:10     | Found a staircase to the Lair.
 13417 | D:10     | Found a bloodstained altar of Trog.
 13441 | D:10     | Noticed a deep elf pyromancer
 13444 | D:10     | Killed a deep elf pyromancer
 13447 | D:10     | Noticed a brown ugly thing
 13454 | D:10     | Killed a brown ugly thing
 13463 | D:10     | Noticed an ogre mage
 13469 | D:10     | Killed an ogre mage
 13470 | D:10     | Reached skill level 5 in Dodging
 13470 | D:10     | Noticed an orc knight
 13478 | D:10     | Killed an orc knight
 13479 | D:10     | Reached XP level 12. HP: 81/89 MP: 0/0
 13591 | D:10     | Noticed a centaur warrior
 13597 | D:10     | Killed a centaur warrior
 13818 | Lair:1   | Entered Level 1 of the Lair of Beasts
 14323 | Lair:1   | Noticed a death yak
 14324 | Lair:1   | Noticed a death yak
 14324 | Lair:1   | Noticed a death yak
 14325 | Lair:1   | Noticed a death yak
 14325 | Lair:1   | Noticed a death yak
 14326 | Lair:1   | Noticed a death yak
 14339 | Lair:1   | Killed a death yak
 14339 | Lair:1   | Killed a death yak
 14342 | Lair:1   | Killed a death yak
 14344 | Lair:1   | Killed a death yak
 14345 | Lair:1   | Reached skill level 10 in Fighting
 14345 | Lair:1   | Killed a death yak
 14346 | Lair:1   | Killed a death yak
 15512 | Lair:2   | Found a staircase to the Snake Pit.
 15801 | Lair:2   | Noticed a seven-headed hydra
 15807 | Lair:2   | HP: 1/92 [seven-headed hydra (14)]
 15807 | Lair:2   | Mangled by a seven-headed hydra

Illustrated notes

Levels and vault maps discovered:
D:1:      co_arrival_random_square_maze, layout_basic,
          hellmonk_ecumenical_altar_blasted, hex_intersection,
          grunt_decor_junction, serial_bayou_ford_a
D:2:      layout_basic
D:3:      minmay_wonky_spiral, layout_rooms, minmay_overflow_temple_star_quad,
          serial_shops, nicolae_shop_trees, hex_tiny, amcnicky_mini_pool_small,
          roderic_lattice_a, grunt_decor_arrowhead, kennysheep_generic_room_5,
          uniq_terence, uniq_jessica, uniq_grinder
D:4:      cheibrodos_helix_gallery, layout_gridville,
          nicolae_elyvilon_temple_path, serial_shops, nicolae_shop_behind_doors,
          uniq_natasha
D:5:      nicolae_cairo_tiling_large_dashed, layout_basic, minivault_5,
          st_stairs_11, uniq_ijyb
D:6:      layout_loops_ring, chei_slow_surprise, mainiacjoe_overflow_chevrons,
          chequers_ossuary_entry_cave, st_stairs_11, nicolae_grassy_gnolls,
          uniq_sigmund
D:7:      layout_loops_corners, minmay_temple_entry_wispy,
          guppyfry_early_elven_hall
D:8:      layout_cave_pods, mainiacjoe_overflow_tiny_flanked, kennysheep_mini
D:9:      layout_rooms, nicolae_qazlal_general_emergency,
          mainiacjoe_overflow_brackets
D:10:     minmay_bloctagon_deflated, layout_cave_pools,
          mainiacjoe_overflow_concentric_impassable, minmay_lair_entry_grove
Lair:1:   layout_small_grid
Lair:2:   layout_layer_cave, minmay_shoals_entry_centaurs, dummy_snake_entry,
          grunt_megastairs_3

Skill      XL: |  1  2  3  4  5  6  7  8  9 10 11 12 |
---------------+-------------------------------------+-----
Fighting       | 1 2 3 4 6 8 9 10 | 10.5
Invocations    | 1 2 3 4 7 10 | 10.3
Spellcasting   | 3 4 5 6 8 9 |  9.7
Short Blades   | 1 3 |  3.8
Dodging        | 5 7 |  7.5
Stealth        | |  1.8

Action                   |  1- 3 |  4- 6 |  7- 9 | 10-12 || total
-------------------------+-------+-------+-------+-------++-------
Melee: Rapier            |       |       |    17 |     6 ||    23
       Punch             |       |       |     1 |       ||     1
 Cast: Foxfire           |    95 |    38 |    87 |    48 ||   268
       Scorch            |     1 |     6 |    53 |    37 ||    97
       Call Imp          |       |       |     4 |       ||     4
       Flame Wave        |       |       |     6 |       ||     6
       Frozen Ramparts   |       |       |     4 |       ||     4
       Inner Flame       |       |       |    25 |    60 ||    85
       Olgreb's Toxic Ra |       |       |       |    19 ||    19
       Kindle Blastspark |       |       |       |     1 ||     1
       Arcjolt           |       |       |       |    49 ||    49
Invok: Minor Destruction |       |     9 |     5 |       ||    14
       Lesser Servant of |       |       |       |     1 ||     1
       Major Destruction |       |       |       |    16 ||    16
  Use: Potion            |       |       |     5 |     8 ||    13
Armor: Robe              |     7 |     6 |    13 |     8 ||    34
       Skin              |       |       |    15 |     7 ||    22
Dodge: Dodged            |    15 |    10 |    61 |    82 ||   168

Table legend: (Time is in decaauts)
 A = Elapsed time spent in this place.
 B = Non-inter-level travel time spent in this place.
 C = Inter-level travel time spent in this place.
 D = Time resting spent in this place.
 E = Time spent auto-exploring this place.
 F = Levels seen in this place.
 G = Mean time per level.
                   A        B        C        D        E       F      G
               +--------+--------+--------+--------+--------+-----+--------+
         Total |  15803 |  15185 |    618 |   2211 |  11318 |  12 | 1316.9 |
       Dungeon |  13814 |  13212 |    602 |   1862 |   9871 |  10 | 1381.4 |
          Lair |   1989 |   1973 |     16 |    349 |   1447 |   2 |  994.5 |
               +--------+--------+--------+--------+--------+-----+--------+

Top non-repeatable levels by time:
     D:5: 1765 daAuts
     D:1: 1703 daAuts
  Lair:1: 1692 daAuts
     D:8: 1565 daAuts
     D:3: 1555 daAuts
     D:7: 1373 daAuts
     D:6: 1354 daAuts
    D:10: 1240 daAuts
     D:9: 1129 daAuts
     D:2: 1095 daAuts
     D:4: 1031 daAuts
  Lair:2: 296 daAuts
